 Dungeon Crawl Stone Soup version 0.31.0-11-ge490571c62 (webtiles) character file.

Game seed: 5979952069502552203

2036 gelatine the Grappler (level 9, -5/58 HPs)
             Began as an Octopode Shapeshifter on Jan 29, 2024.
             Was an Initiate of Qazlal.
             Killed by divine providence
             ... invoked by an orc priest
              (15 damage)
             ... on level 7 of the Dungeon.
             The game lasted 00:13:09 (5750 turns).

gelatine the Grappler (Octopode Shapeshifter)       Turns: 5750, Time: 00:13:11

Health: -5/58      AC:  1    Str: 17    XL:     9   Next: 24%
Magic:  10/10      EV: 17    Int: 13    God:    Qazlal [......]
Gold:   493        SH:  7    Dex: 11    Spells: 11/11 levels left

rFire   . .          .
                       - Unarmed
rCold   . . .        w - +0 kite shield
rNeg    + . .        (helmet currently unavailable)
rPois   .            (no amulet)
rElec   .            f - ring of positive energy
rCorr   .            m - +5 ring of evasion
SInv    .            v - ring of flight
Will    .....        (no ring)
Stlth   ++++         (no ring)
HPRegen 0.29/turn    (no ring)
MPRegen 0.12/turn    (no ring)
                     (no ring)

%: no passive effects
@: beast-form, flying
A: beast (slay +3), almost no armour, amphibious, 8 rings, camouflage 1,
gelatinous body 1, (nimble swimmer 1), tentacles, tentacle spike 2, low MP 1,
subdued magic 1
a: Begin Untransformation, Renounce Religion


You were on level 7 of the Dungeon.
You worshipped Qazlal.
Qazlal was noncommittal.
You were a hulking beast.
You visited 2 branches of the dungeon, and saw 8 of its levels.

You collected 493 gold pieces.

Inventory:

Missiles
 i - 2 curare-tipped darts
 q - 3 atropa-tipped darts (quivered)
Armour
 w - a +0 kite shield (worn)
Jewellery
 f - a ring of positive energy (left tentacle)
 m - a +5 ring of evasion (right tentacle)
 v - a ring of flight (on tentacle)
Talismans
 b - a beast talisman
 c - a flux talisman
 o - a granite talisman
Wands
 t - a wand of charming (6)
Scrolls
 d - 3 scrolls of teleportation
 k - 2 scrolls of silence {unknown}
 l - 4 scrolls of enchant armour {unknown}
 n - a scroll of amnesia {unknown}
 s - a scroll of revelation {unknown}
 x - a scroll of identify {unknown}
 y - a scroll of poison
Potions
 a - a potion of lignification
 e - 2 potions of mutation
 g - 2 potions of enlightenment {unknown}
 h - 3 potions of curing {unknown}
 j - 2 potions of invisibility {unknown}
 p - a potion of brilliance {unknown}
 r - a potion of magic {unknown}
 u - a potion of heal wounds {unknown}
 z - a potion of haste {unknown}


   Skills:
 * Level 3.7 Fighting
 + Level 1.1 Throwing
 * Level 4.5 Dodging
 + Level 5.1 Stealth
 * Level 1.2 Shields
 * Level 8.1 Unarmed Combat
 * Level 1.8 Spellcasting
 * Level 0.4 Invocations
 + Level 1.2 Evocations
 * Level 5.2 Shapeshifting


You had 11 spell levels left.
You didn't know any spells.
Your spell library contained the following spells:

 Spells                   Type           Power      Damage    Failure   Level
 Kiss of Death            Conj/Necr      0%         2d5       56%         1
 Magic Dart               Conj           0%         1d3       56%         1
 Sandblast                Erth           0%         2d4       56%         1
 Summon Small Mammal      Summ           0%         N/A       56%         1
 Blink                    Tloc           0%         N/A       71%         2
 Call Imp                 Summ           0%         N/A       71%         2
 Call Canine Familiar     Summ           0%         N/A       91%         3
 Confusing Touch          Hex            0%         N/A       91%         3
 Passwall                 Erth           0%         N/A       91%         3
 Stone Arrow              Conj/Erth      0%         3d7       91%         3
 Tukima's Dance           Hex            0%         N/A       91%         3
 Volatile Blastmotes      Fire/Tloc      0%         2d10      91%         3
 Brom's Barrelling Bould  Conj/Erth      0%         2d3       100%        4
 Dispel Undead            Necr           0%         3d6       100%        4
 Fulminant Prism          Conj/Alch      0%         3d5       100%        4
 Iskenderun's Mystic Bla  Conj/Tloc      0%         2d3       100%        4
 Passage of Golubria      Tloc           0%         N/A       100%        4
 Summon Blazeheart Golem  Fire/Summ      0%         N/A       100%        4
 Yara's Violent Unravell  Hex/Alch       0%         3d3       100%        5


Dungeon Overview and Level Annotations

Branches:
Dungeon (7/15)             Temple (1/1) D:5

Altars:
Ashenzari
Cheibriados
Dithmenos
Elyvilon
Fedhas
Hepliaklqana
Kikubaaqudgha
Nemelex Xobeh
Okawaru
Qazlal
Ru
Sif Muna
Vehumet
Wu Jian
Yredelemnul
Zin
The Shining One

Shops:
D:1 [


Innate Abilities, Weirdness & Mutations

You are a hulking beast.
Your limbs bulge with bestial killing power. (Slay +3)
You cannot wear most types of armour.
You are amphibious.
You can wear up to eight rings at the same time.
Your skin changes colour to match your surroundings (Stealth+).
Your rubbery body absorbs attacks. (AC +1, EV +1)
((You are camouflaged when in or above water. (Stealth+)))
You have tentacles for arms and can constrict up to eight enemies at once.
One of your tentacles bears a nasty spike.
Your magical capacity is low. (-10% MP)
Your spells are a little easier to cast, but a little less powerful.


Message History

There is an open door here.
A jelly comes into view.
A jelly is nearby!
An ice beast comes into view.
An orc priest comes into view. It is wielding a +0 morningstar.
The ice beast misses you.
The ice beast attacks as it pursues you!
The ice beast hits you. The ice beast freezes you!
You tentacle-slap the ice beast.
You pierce the ice beast.
Your squeeze misses the ice beast.
The ice beast is lightly wounded.
The ice beast hits you. The ice beast freezes you!
You tentacle-slap the ice beast.
You pierce the ice beast.
The ice beast is heavily wounded.
The ice beast misses you.
You bludgeon the ice beast!
You pierce the ice beast.
You kill the ice beast!
Qazlal accepts your kill.
The jelly quivers.
The orc priest shouts!
An orc comes into view. It is wielding a +0 club.
An orc priest comes into view. It is wielding a +0 dagger.
The jelly misses you.
An orc priest comes into view. It is wielding a +0 short sword.
The orc priest shouts! x2
You tentacle-slap the jelly.
Your tentacles burn!
You pierce the jelly, but do no damage.
You squeeze the jelly!
The jelly is almost dead.
The jelly barely misses you. The jelly attacks as it pursues you!
The jelly hits you.
You are splashed with acid!
The orc priest looks encouraged for a moment.
The jelly attacks as it pursues you! The jelly barely misses you.
Found 22 gold pieces.
Found an escape hatch in the floor.
The orc priest calls down the wrath of Beogh upon you.
Beogh smites you!
* * * LOW HITPOINT WARNING * * *
The orc priest invokes the aid of Beogh against you.
Beogh smites you!
You die...

#...#### #'## #..o.o.#
#... #...oo.# #...
#..##o## #..# #+
##.#############'##
#...........#......
#...........#......
##J####.##..##....#
.##h#######..##..)(#
.$......................
.>......................
#####+####.<###..###...#
##+###..###...#
#.....#.... #.....#....
###..##...# #########


You could see a jelly, 3 orc priests and an orc.

Vanquished Creatures
  Sigmund (D:2)
  Edmund (D:6)
  An ice beast (D:7)
  A black bear (D:5)
  An ogre (D:6)
  2 centaurs (D:7)
  A phantom (D:6)
  A weeping skull (D:3)
  A kobold brigand (D:4)
  3 scorpions
  6 killer bees (D:5)
  3 bombardier beetles
  2 hounds
  4 sleepcaps
  2 jellies
  3 iguanas
  2 orc wizards (D:5)
  Natasha (twice) (D:4)
  3 gnolls (D:4)
  7 adders
  2 ufetubi (D:5)
  5 dart slugs
  3 ribbon worms
  5 orcs
  5 bats
  8 endoplasms
  3 giant cockroaches (D:1)
  7 goblins
  5 hobgoblins
  3 jackals (D:2)
  7 kobolds
  5 ball pythons
  2 frilled lizards
  5 rats
  A spectral orc (D:3)
113 creatures vanquished.

Notes
Turn   | Place    | Note
-------+----------+-------------------------------------------
     0 | D:1      | gelatine the Octopode Shapeshifter began the quest for the
                  | Orb.
     0 | D:1      | Reached XP level 1. HP: 13/13 MP: 1/1
    61 | D:1      | Reached XP level 2. HP: 18/18 MP: 2/2
   149 | D:1      | Found Zuskeq's Antique Armour Shop.
   218 | D:1      | Reached XP level 3. HP: 23/23 MP: 3/3
   373 | D:2      | Noticed Sigmund
   378 | D:2      | Killed Sigmund
   379 | D:2      | Reached skill level 1 in Stealth
   379 | D:2      | Reached skill level 4 in Unarmed Combat
   379 | D:2      | Reached XP level 4. HP: 15/29 MP: 4/4
   379 | D:2      | Reached XP level 5. HP: 17/34 MP: 5/5
   644 | D:2      | Gained mutation: One of your tentacles bears a spike.
                  | [potion of mutation]
   644 | D:2      | Gained mutation: Your spells are a little easier to cast,
                  | but a little less powerful. [potion of mutation]
   644 | D:2      | Gained mutation: Your magical capacity is low. (-10% MP)
                  | [potion of mutation]
   644 | D:2      | Gained mutation: One of your tentacles bears a nasty spike.
                  | [potion of mutation]
   844 | D:2      | Reached XP level 6. HP: 39/39 MP: 5/5
  1278 | D:3      | Found a snail-covered altar of Cheibriados.
  1501 | D:3      | Found a basalt altar of Yredelemnul.
  1516 | D:3      | Reached skill level 5 in Unarmed Combat
  1703 | D:3      | Found a faded altar of an unknown god.
  2269 | D:4      | Reached XP level 7. HP: 31/45 MP: 6/6
  2490 | D:4      | Noticed Natasha
  2495 | D:4      | Killed Natasha
  2524 | D:4      | Found a glowing golden altar of the Shining One.
  2524 | D:4      | Found a glowing silver altar of Zin.
  2524 | D:4      | Found a white marble altar of Elyvilon.
  2652 | D:4      | Noticed Natasha
  2663 | D:4      | Killed Natasha
  2754 | D:4      | Identified the +0 plate armour of Grot {Regen+ Dex+3}
  2908 | D:4      | Found a hazy altar of Hepliaklqana.
  2909 | D:4      | Found a faded altar of an unknown god.
  3043 | D:4      | Reached skill level 6 in Unarmed Combat
  3207 | D:5      | Entered Level 5 of the Dungeon
  3414 | D:5      | Reached XP level 8. HP: 46/51 MP: 7/7
  3621 | D:5      | Found a staircase to the Ecumenical Temple.
  3646 | Temple   | Entered the Ecumenical Temple
  3672 | D:5      | Reached skill level 7 in Unarmed Combat
  3901 | D:5      | Reached skill level 5 in Shapeshifting
  4389 | D:6      | Reached skill level 5 in Stealth
  4546 | D:6      | Found a stormy altar of Qazlal.
  4558 | D:6      | Became a worshipper of Qazlal Stormbringer
  4590 | D:6      | Found a shimmering blue altar of Sif Muna.
  4732 | D:6      | Found a sparkling altar of Nemelex Xobeh.
  4878 | D:6      | Noticed Edmund
  4889 | D:6      | Killed Edmund
  4890 | D:6      | Reached skill level 1 in Throwing
  4890 | D:6      | Reached skill level 1 in Shields
  4890 | D:6      | Reached skill level 1 in Evocations
  4890 | D:6      | Reached XP level 9. HP: 33/57 MP: 7/9
  5506 | D:7      | Reached skill level 8 in Unarmed Combat
  5506 | D:7      | Reached skill level 1 in Spellcasting
  5750 | D:7      | Killed from afar by an orc priest

Illustrated notes

Levels and vault maps discovered:
D:1:      lightli_iron_boxes, layout_rooms, serial_shops,
          nicolae_shop_overgrown_old_shop
D:2:      layout_loops_ring, uniq_sigmund
D:3:      layout_loops_corners, yredelemnul_forgotten_temple_becter,
          slow_altar_1, shapermc_ecumenical_altar_petra, kennysheep_potato
D:4:      layout_basic, good_gods_mini_temple,
          beargit_hepliaklqana_dungeon_heroes, uniq_natasha
D:5:      layout_loops_ring, minmay_temple_entry_statues
D:6:      layout_basic, mainiacjoe_overflow_24_doors,
          nicolae_qazlal_scattered_showers, mainiacjoe_overflow_paths,
          uniq_edmund
D:7:      layout_gridville
Temple:   nicolae_temple_ecumenical_triangle

Skill      XL: |  1  2  3  4  5  6  7  8  9 |
---------------+----------------------------+-----
Stealth        | 1 2 4 5 |  5.1
Unarmed Combat | 4 5 6 7 8 |  8.1
Shapeshifting  | 4 5 |  5.2
Fighting       | 2 3 |  3.7
Dodging        | 3 4 |  4.5
Throwing       | 1 |  1.1
Shields        | 1 |  1.2
Evocations     | 1 |  1.2
Spellcasting   | 1 |  1.8
Invocations    | |  0.4

Action                     |  1- 3 |  4- 6 |  7- 9 || total
---------------------------+-------+-------+-------++-------
  Melee: Unarmed           |    42 |    71 |   130 ||   243
         Tentacles         |    11 |    10 |    38 ||    59
         Constrict         |    12 |    19 |    23 ||    54
         Punch             |     2 |     1 |     3 ||     6
         Kick              |       |    21 |    56 ||    77
  Throw: Dart              |       |       |     5 ||     5
    Use: Potion            |       |     1 |       ||     1
         Scroll            |       |       |     4 ||     4
   Stab: Sleeping          |     5 |     6 |     6 ||    17
         Invisible         |       |       |     1 ||     1
 Armour: Skin              |    13 |    28 |    57 ||    98
  Dodge: Dodged            |    27 |    41 |    92 ||   160
  Block: Kite shield       |       |       |    14 ||    14
